 Dungeon Crawl Stone Soup version 0.31-a0-984-gbfb7dba898 (webtiles) character file.

Game seed: 16030009723218146149

221 MacCMillion the Ruffian (level 5, -4/36 HPs)
             Began as an Octopode Shapeshifter on Nov 3, 2023.
             Slain by Duvessa
             ... wielding a +0 short sword
              (10 damage)
             ... on level 4 of the Dungeon.
             The game lasted 00:03:57 (3459 turns).

MacCMillion the Ruffian (Octopode Shapeshifter)     Turns: 3459, Time: 00:03:58

Health: -4/36      AC:  1    Str: 15    XL:     5   Next: 98%
Magic:  5/5        EV: 13    Int: 12    God:
Gold:   145        SH:  0    Dex: 12    Spells: 4/4 levels left

rFire   . .          .
                       - Unarmed
rCold   . . .        (no shield)
rNeg    . . .        (helmet currently unavailable)
rPois   +            (no amulet)
rElec   .            d - +4 ring of slaying
rCorr   .            p - ring of poison resistance
SInv    .            (no ring)
Will    .....        (no ring)
Stlth   +++          (no ring)
HPRegen 0.26/turn    (no ring)
MPRegen 0.09/turn    (no ring)
                     (no ring)

%: no passive effects
@: beast-form
A: beast (slay +1), almost no armour, amphibious, 8 rings, camouflage 1,
gelatinous body 1, (nimble swimmer 1), tentacles
a: Begin Untransformation


You were on level 4 of the Dungeon.
You were a hulking beast.
You visited 1 branch of the dungeon, and saw 4 of its levels.

You collected 145 gold pieces.

Inventory:

Missiles
 j - 4 poisoned darts
Jewellery
 d - a +4 ring of slaying (left tentacle)
 p - a ring of poison resistance (right tentacle)
 q - a ring of protection from fire
Talismans
 b - a beast talisman
 c - a flux talisman
Scrolls
 g - 2 scrolls of identify {unknown}
 h - 2 scrolls of teleportation {unknown}
 k - a scroll of fog {unknown}
 m - a scroll of enchant weapon {unknown}
 o - a scroll of brand weapon {unknown}
Potions
 a - a potion of lignification
 e - 2 potions of heal wounds {unknown}
 f - a potion of mutation {unknown}
 i - a potion of ambrosia {unknown}
 l - a potion of degeneration {unknown}
 n - a potion of invisibility {unknown}
 r - a potion of might {unknown}


   Skills:
 + Level 3.5 Fighting
 - Level 2.0 Dodging
 - Level 4.0 Stealth
 + Level 4.4 Unarmed Combat
 - Level 3.0 Shapeshifting


You had 4 spell levels left.
You didn't know any spells.
Your spell library contained the following spells:

 Spells                   Type           Power      Damage    Failure   Level
 Sandblast                Erth           0%         2d4       32%         1
 Lesser Beckoning         Tloc           0%         N/A       45%         2
 Passwall                 Tmut/Erth      0%         N/A       45%         2
 Gell's Gravitas          Tloc           0%         N/A       69%         3
 Stone Arrow              Conj/Erth      0%         3d7       69%         3
 Teleport Other           Tloc           0%         N/A       69%         3
 Brom's Barrelling Bould  Conj/Erth      0%         2d3       97%         4


Dungeon Overview and Level Annotations

Branches:
Dungeon (4/15)
 Temple: D:4-7

Altars:
Nemelex Xobeh

Annotations:
D:4 Dowan, Duvessa


Innate Abilities, Weirdness & Mutations

You are a hulking beast.
Your limbs bulge with bestial killing power. (Slay +1)
You cannot wear most types of armour.
You are amphibious.
You can wear up to eight rings at the same time.
Your skin changes colour to match your surroundings (Stealth+).
Your rubbery body absorbs attacks. (AC +1, EV +1)
((You are camouflaged when in or above water. (Stealth+)))
You have tentacles for arms and can constrict up to eight enemies at once.


Message History

There is a stone staircase leading down here.
You climb downwards.
There is a stone staircase leading up here.
The gnoll closely misses you. The gnoll hits you with a +0 spear.
You tentacle-slap the gnoll. You grab the gnoll. You squeeze the gnoll.
The gnoll is heavily wounded.
You constrict the gnoll. The gnoll barely misses you.
You bludgeon the gnoll!
You kill the gnoll!
There is a stone staircase leading up here.
You climb upwards.
There is a stone staircase leading down here.
You start resting.
HP restored.
There is a stone staircase leading down here.
You climb downwards.
There is a stone staircase leading up here.
Duvessa and Dowan come into view.
Found a hand axe.
There are monsters nearby!
There is a stone staircase leading up here.
Partly explored, can't reach some places.
Partly explored, can't reach some places.
There is a stone staircase leading up here.
Dowan shouts!
Dowan gestures at Duvessa while chanting.
Duvessa seems to speed up.
Duvessa misses you.
You tentacle-slap Duvessa but do no damage.
You grab Duvessa. You squeeze Duvessa.
Duvessa is lightly wounded.
You constrict Duvessa. Duvessa hits you with a +0 short sword!
Duvessa escapes!
Duvessa closely misses you. Duvessa hits you with a +0 short sword.
Duvessa attacks as she pursues you! Duvessa hits you with a +0 short sword!
Duvessa hits you with a +0 short sword!
* * * LOW HITPOINT WARNING * * *
There is a stone staircase leading up here.
Duvessa closely misses you. Duvessa hits you with a +0 short sword!
You die...

#.........#
#..#.#.#..# ........#
#.#.#.#.# #...)...#
#.#.#.#.## #.........
#..##.###############
##.e..#h............##
####ee..............#
#.#############.## ###
###


You could see Duvessa (fast) and Dowan.

Vanquished Creatures
  A gnoll bouda (D:4)
  A hound (D:4)
  A sleepcap (D:3)
  3 gnolls (D:4)
  2 adders (D:3)
  A worm (D:2)
  3 dart slugs
  5 orcs
  5 endoplasms
  2 giant cockroaches
  8 goblins
  9 hobgoblins
  7 jackals
  8 ball pythons
  3 bats
  2 frilled lizards (D:3)
  5 kobolds
  6 rats
72 creatures vanquished.

Notes
Turn   | Place    | Note
-------+----------+-------------------------------------------
     0 | D:1      | MacCMillion the Octopode Shapeshifter began the quest for
                  | the Orb.
     0 | D:1      | Reached XP level 1. HP: 13/13 MP: 1/1
   114 | D:1      | Reached skill level 1 in Stealth
   115 | D:1      | Reached XP level 2. HP: 18/18 MP: 2/2
   471 | D:1      | Reached XP level 3. HP: 24/24 MP: 3/3
  1492 | D:2      | Found a faded altar of an unknown god.
  1755 | D:2      | Reached XP level 4. HP: 25/29 MP: 4/4
  2412 | D:3      | Found a sparkling altar of Nemelex Xobeh.
  3029 | D:3      | Reached XP level 5. HP: 35/35 MP: 5/5
  3320 | D:4      | Noticed an ogre
  3417 | D:4      | Noticed Duvessa
  3417 | D:4      | Noticed Dowan
  3459 | D:4      | Slain by Duvessa

Illustrated notes

Levels and vault maps discovered:
D:1:      amcnicky_arrival_underground_garden, layout_basic
D:2:      layout_loops_corners, chequers_ecumenical_altar_island,
          serial_park_tiny_2, minmay_door_square
D:3:      layout_loops_corners, mainiacjoe_overflow_24_doors
D:4:      layout_basic, serial_co_window_serial, co_window_paths_b,
          co_window_corner_a, co_window_paths_a, co_window_of_opportunity_a,
          co_window_of_opportunity_a, co_window_cross_3, co_window_broadway_b,
          co_window_2corner, co_window_paths_c, co_window_paths_e,
          glass_columns_b, minmay_lizard_king, uniq_duvessa

Skill      XL: |  1  2  3  4  5 |
---------------+----------------+-----
Stealth        | 1 2 3 4 |  4.0
Fighting       | 2 3 |  3.5
Unarmed Combat | 4 |  4.4
Dodging        | |  2.0
Shapeshifting  | |  3.0

Action                     |  1- 3 |  4- 6 || total
---------------------------+-------+-------++-------
  Melee: Unarmed           |    64 |    55 ||   119
         Constrict         |    14 |    13 ||    27
         Tentacles         |     5 |     9 ||    14
         Punch             |       |     3 ||     3
   Stab: Sleeping          |    10 |    10 ||    20
         Distracted        |     1 |       ||     1
 Armour: Skin              |    14 |    19 ||    33
  Dodge: Dodged            |    26 |    25 ||    51

Table legend: (Time is in decaauts)
 A = Elapsed time spent in this place.
 B = Non-inter-level travel time spent in this place.
 C = Inter-level travel time spent in this place.
 D = Time resting spent in this place.
 E = Time spent auto-exploring this place.
 F = Levels seen in this place.
 G = Mean time per level.
                   A        B        C        D        E       F      G
               +--------+--------+--------+--------+--------+-----+--------+
         Total |   3449 |   3169 |    280 |    491 |   2177 |   4 |  862.2 |
       Dungeon |   3449 |   3169 |    280 |    491 |   2177 |   4 |  862.2 |
               +--------+--------+--------+--------+--------+-----+--------+

Top non-repeatable levels by time:
     D:3: 1201 daAuts
     D:1: 1067 daAuts
     D:2: 1065 daAuts
     D:4: 116 daAuts
